 Dungeon Crawl Stone Soup version 0.22.0-36-g8e74550d25 (webtiles) character file.

717 Loge the Ruffian (level 7, 0/70 HPs)
             Began as a Troll Monk on Aug 24, 2018.
             Was a Follower of Ru.
             Killed from afar by an orc wizard (11 damage)
             ... with a puff of flame
             ... on level 5 of the Dungeon.
             The game lasted 00:08:15 (3409 turns).

Loge the Ruffian (Troll Monk)                       Turns: 3409, Time: 00:08:16

Health: 0/70       AC:  5    Str: 20    XL:     7   Next: 42%
Magic:  6/6        EV:  6    Int:  6    God:    Ru [*.....]
Gold:   218        SH: 13    Dex: 14    Spells: 6/6 levels left

rFire    . . .     SeeInvis .     - Unarmed
rCold    . . .     Gourm    +   k - +0 large shield
rNeg     . . .     Faith    .   a - +0 robe
rPois    .         Spirit   .   y - +0 hat
rElec    .         Reflect  .   (no cloak)
rCorr    .         Harm     .   (gloves unavailable)
MR       .....                  (boots unavailable)
Stlth    ++........             (no amulet)
HPRegen  0.61/turn              (no ring)
MPRegen  0.10/turn              (no ring)

@: lethally poisoned (0 -> 0)
A: large, unfitting armour, claws 3, fast metabolism 3, gourmand, regeneration
1, shaggy fur 1, tough skin 2, no fire magic, no hexes magic, no summoning magic
a: Renounce Religion


You were on level 5 of the Dungeon.
You worshipped Ru.
Ru was aware of your devotion.
You were completely stuffed.

You visited 1 branch of the dungeon, and saw 5 of its levels.
You also visited: Sewer.

You collected 218 gold pieces.

Inventory:

Hand Weapons
 t - a +2 dagger of electrocution
Armour
 a - a +0 robe (worn)
 k - a +0 large shield (worn)
 y - a +0 hat (worn)
Jewellery
 u - a +4 ring of strength {unknown}
Scrolls
 c - a scroll of torment {unknown}
 e - 2 scrolls of fear
 f - 5 scrolls of remove curse
 g - a scroll of enchant weapon {unknown}
 i - 3 scrolls of teleportation
 m - a scroll of fog {unknown}
 n - a scroll of amnesia {unknown}
 o - a scroll of enchant armour {unknown}
 p - a scroll of magic mapping {unknown}
 s - a scroll of blinking {unknown}
Potions
 d - 5 potions of curing
 h - a potion of brilliance
 j - a potion of berserk rage {unknown}
 l - 2 potions of heal wounds {unknown}
 q - a potion of might {unknown}
 r - 3 potions of agility
 v - a potion of flight {unknown}
 w - a potion of lignification {unknown}
 x - a potion of haste {unknown}
Comestibles
 b - 6 rations
 z - 2 chunks of flesh


   Skills:
 + Level 4.2 Fighting
 - Level 2.4 Dodging
 - Level 1.0 Stealth
 + Level 2.9 Shields
 * Level 6.6 Unarmed Combat


You had 6 spell levels left.
You didn't know any spells.
Your spell library was empty.

Dungeon Overview and Level Annotations

Branches:
Dungeon (5/15)
 Temple: D:4-7

Altars:
Cheibriados
Dithmenos
Elyvilon
Gozag
Kikubaaqudgha
Nemelex Xobeh
Okawaru
Qazlal
Ru
Sif Muna
Yredelemnul
Zin


Innate Abilities, Weirdness & Mutations

You are too large for most types of armour.
You have claws for hands.
Your metabolism is lightning-fast.
You like to eat raw meat.
Your natural rate of healing is unusually fast.
You are covered in fur. (AC +1)
You have very tough skin. (AC +2)
You cannot study or cast Fire magic.
You cannot study or cast Hexes magic.
You cannot study or cast Summoning magic.


Message History

You feel very sick. Something hits you.
* * * LOW HITPOINT WARNING * * *
You are more poisoned.
Your shield prevents you from hitting something.
* * * LOW HITPOINT WARNING * * *
You feel very sick. Something hits you.
* * * LOW HITPOINT WARNING * * *
You feel better. Something hits you but does no damage.
You barely miss something. Something hits you.
* * * LOW HITPOINT WARNING * * *
You are poisoned.
You feel sick.
You feel sick.
You feel sick.
You hear some strange, mumbled words.
A puff of flame appears from out of thin air!
The puff of flame hits you!
You die...

#.#.###.#.#...#.#.#.#
....# #.##.##.#.#.#
#.### #.......#.#.#
#. #.####.####.#.#
#...........#.#
######.######.#
#######.##.## ##.#
#......))...####..#
......#.##.{.@...##
.(###....##..###.##
..'.#...###....#.#
###.###[# #.##.#.#
#..:..#.# #.# .#.#
###.###.# #.# #.#
..#. ...# #.. ..# ..#
#..## ## ### . ..#


There were no monsters in sight!

Vanquished Creatures
  A centaur (D:5)
  A big kobold (Sewer)
  2 scorpions (D:5)
  A howler monkey (D:4)
  A hound (D:5)
  4 orc wizards (D:5)
  A gnoll shaman (D:4)
  An orc priest (D:4)
  Ijyb (D:5)
  3 worker ants
  3 gnolls (D:4)
  2 adders
  An ooze (D:2)
  An adder skeleton (D:5)
  3 worms
  2 dart slugs (D:4)
  3 leopard geckos
  4 orcs (D:4)
  4 ball pythons
  2 giant cockroaches
  4 goblins
  4 hobgoblins
  4 jackals (D:5)
  7 quokkas
  3 bats
  A frilled lizard (Sewer)
  15 kobolds
  6 rats
85 creatures vanquished.

Notes
Turn   | Place    | Note
-------+----------+-------------------------------------------
     0 | D:1      | Loge the Troll Monk began the quest for the Orb.
     0 | D:1      | Reached XP level 1. HP: 22/22 MP: 0/0
   387 | D:1      | Reached XP level 2. HP: 29/29 MP: 1/1
   869 | D:2      | Found a glowing silver altar of Zin.
   887 | D:2      | Found a deep blue altar of Sif Muna.
   987 | D:2      | Found an ancient bone altar of Kikubaaqudgha.
  1219 | D:2      | Found a snail-covered altar of Cheibriados.
  1308 | D:3      | Found a white marble altar of Elyvilon.
  1328 | D:3      | Found an iron altar of Okawaru.
  1330 | D:3      | Reached XP level 3. HP: 36/36 MP: 2/2
  1737 | D:3      | Found a glowing drain.
  1739 | D:3      | Reached skill level 4 in Unarmed Combat
  1748 | Sewer    | Entered a sewer
  1897 | Sewer    | Noticed a big kobold
  1901 | Sewer    | Killed a big kobold
  1901 | Sewer    | Reached skill level 1 in Shields
  1901 | Sewer    | Reached XP level 4. HP: 45/45 MP: 3/3
  1957 | Sewer    | Reached XP level 5. HP: 49/53 MP: 4/4
  2280 | D:4      | Found a basalt altar of Yredelemnul.
  2281 | D:4      | Found a shadowy altar of Dithmenos.
  2281 | D:4      | Found an iron altar of Okawaru.
  2283 | D:4      | Found a sparkling altar of Nemelex Xobeh.
  2283 | D:4      | Found an opulent altar of Gozag.
  2295 | D:4      | Reached skill level 5 in Unarmed Combat
  2441 | D:4      | Found a stormy altar of Qazlal.
  2633 | D:4      | Reached XP level 6. HP: 61/61 MP: 5/5
  3042 | D:5      | Entered Level 5 of the Dungeon
  3145 | D:5      | Reached skill level 6 in Unarmed Combat
  3145 | D:5      | Reached XP level 7. HP: 31/68 MP: 6/6
  3254 | D:5      | Got a twisted robe
  3265 | D:5      | Identified the +0 robe of Polish {Str-4 Dex+5} (You found it on level 5 of the Dungeon)
  3300 | D:5      | Found a sacrificial altar of Ru.
  3346 | D:5      | Became a worshipper of Ru the Awakened
  3358 | D:5      | Noticed Ijyb
  3369 | D:5      | Killed Ijyb
  3373 | D:5      | Gained mutation: You cannot study or cast Fire magic. [Ru sacrifice]
  3373 | D:5      | Gained mutation: You cannot study or cast Hexes magic. [Ru sacrifice]
  3373 | D:5      | Gained mutation: You cannot study or cast Summoning magic. [Ru sacrifice]
  3373 | D:5      | Reached * piety under Ru
  3403 | D:5      | HP: 3/70 [something (5)]
  3409 | D:5      | Killed from afar by an orc wizard

Skill      XL: |  1  2  3  4  5  6  7 |
---------------+----------------------+-----
Unarmed Combat | 4 5 6 |  6.6
Fighting       | 3 4 |  4.2
Shields        | 1 2 |  2.9
Dodging        | |  2.4
Stealth        | |  1.0

Action                   |  1- 3 |  4- 6 |  7- 9 || total
-------------------------+-------+-------+-------++-------
Melee: Unarmed           |    94 |   120 |    43 ||   257
Invok: Sacrifice Arcana  |       |       |     1 ||     1
  Use: Scroll            |       |     6 |       ||     6
       Potion            |       |       |     1 ||     1
 Stab: Sleeping          |     4 |     1 |     1 ||     6
  Eat: Chunk             |    20 |    15 |     2 ||    37
Armor: Robe              |    38 |    27 |    12 ||    77
Dodge: Dodged            |    25 |    25 |     4 ||    54
Block: Large shield      |    47 |    81 |    23 ||   151
